 Dungeon Crawl Stone Soup version 0.28.0-49-g6dfe1f597d (webtiles) character file.

Game seed: 9179287319206143883

47 Revguard the Chopper (level 3, 0/27 HPs)
             Began as a Demonspawn Gladiator on May 11, 2022.
             Slain by Terence
             ... wielding a +2 vorpal flail
              (3 damage)
             ... on level 2 of the Dungeon.
             The game lasted 00:04:53 (1203 turns).

Revguard the Chopper (Demonspawn Gladiator)         Turns: 1203, Time: 00:04:53

Health: 0/27       AC:  4    Str: 16    XL:     3   Next: 48%
Magic:  3/3        EV: 12    Int: 11    God:
Gold:   83         SH:  0    Dex: 14    Spells: 2/2 levels left

rFire   . . .      SeeInvis .   f - +0 battleaxe
rCold   . . .      Faith    .   (shield currently unavailable)
rNeg    . . .      Spirit   .   b - +0 leather armour
rPois   .          Reflect  .   c - +0 helmet
rElec   .          Harm     .   (no cloak)
rCorr   .          Rampage  .   (no gloves)
Will    .....                   (no boots)
Stlth   +.........              (no amulet)
HPRegen 0.09/turn               (no ring)
MPRegen 0.08/turn               (no ring)

@: no status effects
A: spiny 1, big brain 1
a: no special abilities


You were on level 2 of the Dungeon.
You visited 1 branch of the dungeon, and saw 2 of its levels.

You collected 83 gold pieces.

Inventory:

Hand Weapons
 a - a +0 war axe
 f - a +0 battleaxe (weapon)
Missiles
 d - 2 throwing nets (quivered)
Armour
 b - a +0 leather armour (worn)
 c - a +0 helmet (worn)
Scrolls
 e - 2 scrolls of identify {unknown}
 g - a scroll of fog {unknown}
 h - a scroll of teleportation {unknown}
Potions
 i - a potion of invisibility {unknown}
 j - a potion of heal wounds {unknown}
 k - a potion of attraction {unknown}


   Skills:
 + Level 2.2 Fighting
 * Level 3.1 Axes
 - Level 1.7 Throwing
 * Level 1.4 Armour
 + Level 2.8 Dodging
 + Level 1.0 Invocations
 + Level 0.7 Evocations


You had 2 spell levels left.
You didn't know any spells.
Your spell library was empty.

Dungeon Overview and Level Annotations

Branches:
Dungeon (2/15)

Altars:

Annotations:
D:2 Terence


Innate Abilities, Weirdness & Mutations

You are partially covered in sharp spines.
You have an unusually large brain. (Int +2)


Message History

Terence is wielding a +2 vorpal flail.
The endoplasm quivers.
The endoplasm moves out of view.
A rat comes into view.
Terence shouts!
The endoplasm is struck by your spines. The endoplasm barely misses you.
The frilled lizard bites you but does no damage.
You barely miss the frilled lizard. You hit the endoplasm.
The frilled lizard is struck by your spines.
You kill the frilled lizard!
The endoplasm freezes you.
You are frozen.
The endoplasm freezes you.
You are frozen.
Terence says, "Time to say good-bye..."
The endoplasm is struck by your spines. The endoplasm hits you.
Terence screams, "I want your blood!" The endoplasm freezes you.
You are frozen.
The rat is struck by your spines. The rat bites you but does no damage.
You barely miss the rat.
The rat is heavily wounded.
You hit the endoplasm.
You kill the endoplasm!
The rat is struck by your spines.
You kill the rat!
You see here a rat corpse.
Throw: 3 throwing nets
Press: ? - help, Q - select action Shift-Dir - straight line, f - Terence
Aim: Terence, wielding a +2 vorpal flail and wearing a +0 ring mail (63% to hit)
You throw a throwing net.
The throwing net closely misses Terence.
The throwing net hits the worm.
The worm is caught in the net!
The worm struggles against the net.
You hit Terence.
Terence is moderately wounded.
Terence hits you with a +2 vorpal flail.
Terence hits you with a +2 vorpal flail!
* * * LOW HITPOINT WARNING * * *
You die...

#..# #..#
#..########
#.........#
########.#######.#
.............# #.#
##########.#.# #.#
#.#.# #.#
#.#.###@#
#.....#<.#@#
#.##.#.#.#.#
.##.#.#.#.#
........#w##
...........##
.##.........# #.
#..........#
#..#.......#


You could see Terence and a worm (caught).

Vanquished Creatures
  A dart slug (D:1)
  4 ball pythons
  4 endoplasms
  5 goblins
  4 hobgoblins (D:1)
  3 jackals (D:1)
  5 kobolds (D:1)
  2 quokkas (D:1)
  5 bats (D:1)
  3 frilled lizards
  5 rats
41 creatures vanquished.

Notes
Turn   | Place    | Note
-------+----------+-------------------------------------------
     0 | D:1      | Revguard the Demonspawn Gladiator began the quest for the
                  | Orb.
     0 | D:1      | Reached XP level 1. HP: 16/16 MP: 1/1
   205 | D:1      | Gained mutation: You are partially covered in sharp spines.
                  | [demonic ancestry]
   205 | D:1      | Reached XP level 2. HP: 11/22 MP: 2/2
   484 | D:1      | Reached skill level 3 in Axes
   495 | D:1      | Reached skill level 1 in Armour
   500 | D:1      | Reached skill level 1 in Invocations
   500 | D:1      | Gained mutation: You have an unusually large brain. (Int
                  | +2) [demonic ancestry]
   500 | D:1      | Reached XP level 3. HP: 24/27 MP: 3/3
  1191 | D:2      | Noticed Terence
  1203 | D:2      | Slain by Terence

Illustrated notes

Levels and vault maps discovered:
D:1:      psy_arrival_fountain, layout_basic
D:2:      minmay_chambers_of_twos, layout_loops_ring, minmay_bisected,
          uniq_terence

Skill      XL: |  1  2 |
---------------+-------+-----
Axes           | 3 |  3.1
Armour         | 1 |  1.4
Invocations    | 1 |  1.0
Fighting       | |  2.2
Throwing       | |  1.7
Dodging        | |  2.8
Evocations     | |  0.7

Action                   || total
-------------------------++-------
Melee: War axe           ||    17
       Battleaxe         ||    28
Throw: Throwing net      ||     1
Armor: Leather armour    ||    17
Dodge: Dodged            ||    36
